 Dungeon Crawl Stone Soup version 0.32-a0-699-g1ee5eff69a (webtiles) character file.

Game seed: 5499003477433917978

1273 cojito the Wallflower (level 8, 0/67 HPs)
             Began as a Mountain Dwarf Wanderer on Mar 14, 2024.
             Was a Follower of Uskayaw.
             Slain by an ogre
             ... wielding a +0 giant club
              (25 damage)
             ... on level 6 of the Dungeon.
             The game lasted 00:09:05 (4727 turns).

cojito the Wallflower (Mountain Dwarf Wanderer)     Turns: 4727, Time: 00:09:06

Health: 0/67       AC: 13    Str: 17    XL:     8   Next: 28%
Magic:  12/12      EV:  5    Int:  9    God:    Uskayaw [*.....]
Gold:   411        SH:  0    Dex: 19    Spells: 8/9 levels left

rFire   . . .        p - +2 dagger (venom)
rCold   . . .        (no shield)
rNeg    . . .        g - +0 plate armour
rPois   .            b - +0 helmet
rElec   .            (no cloak)
rCorr   .            (no gloves)
SInv    +            (no boots)
Will    .....        (no amulet) Stlth
                     j - ring of see invisible
HPRegen 0.31/turn    u - +6 ring of dexterity
MPRegen 0.13/turn

%: no passive effects
@: no status effects
A: runic magic, artefact enchanting
a: Renounce Religion, Stomp


You were on level 6 of the Dungeon.
You worshipped Uskayaw.
Uskayaw was noncommittal.
You visited 1 branch of the dungeon, and saw 6 of its levels.
You also visited: Sewer.

You collected 411 gold pieces.

Inventory:

Hand Weapons
 p - a +2 dagger of venom (weapon)
 t - the +2 whip of Ragnarok {freeze, Dex+6}
   (You found it in a sewer)

   Dex+6:     It affects your dexterity (+6).
 w - a +2 whip of pain
Missiles
 i - 3 atropa-tipped darts (quivered)
Armour
 b - a +0 helmet (worn)
 g - a +0 plate armour (worn)
Jewellery
 j - a ring of see invisible (left hand)
 u - a +6 ring of dexterity (right hand)
Wands
 e - a wand of flame (18)
 r - a wand of acid (5)
 y - a wand of charming (6)
Scrolls
 h - a scroll of enchant armour {unknown}
 k - 2 scrolls of revelation {unknown}
 l - a scroll of teleportation {unknown}
 m - 2 scrolls of butterflies {unknown}
 o - 3 scrolls of immolation {unknown}
 q - 2 scrolls of amnesia {unknown}
 v - a scroll of acquirement {unknown}
Potions
 a - a potion of magic {unknown}
 c - a potion of heal wounds
 d - a potion of resistance {unknown}
 f - 3 potions of brilliance {unknown}
 n - a potion of enlightenment {unknown}
 s - a potion of haste
 x - a potion of curing {unknown}
 z - a potion of might {unknown}


   Skills:
 + Level 4.7 Fighting
 * Level 3.5 Short Blades
 + Level 4.4 Armour
 + Level 3.5 Dodging
 - Level 1.0 Spellcasting
 - Level 1.0 Summonings
 * Level 6.0 Invocations
 - Level 5.4 Evocations


You had 8 spell levels left.
You knew the following spells:

 Your Spells              Type           Power      Damage    Failure   Level
a - Summon Small Mammal   Summ           8%         N/A       52%         1

Your spell library contained the following spells:

 Spells                   Type           Power      Damage    Failure   Level
 Freeze                   Ice            0%         1d3       67%         1
 Sting                    Conj/Alch      0%         1d3       67%         1
 Cigotuvi's Dreadful Rot  Necr/Alch/Air  0%         N/A       80%         2
 Mercury Vapours          Alch/Air       0%         N/A       80%         2
 Static Discharge         Conj/Air       0%         3-3/arc   80%         2
 Summon Ice Beast         Ice/Summ       1%         N/A       92%         3
 Dazzling Flash           Conj/Hex       0%         N/A       95%         3
 Frozen Ramparts          Ice            0%         1d1       95%         3
 Hailstorm                Conj/Ice       0%         3d5       95%         3
 Mephitic Cloud           Conj/Alch/Air  0%         N/A       95%         3
 Airstrike                Air            0%         2d(0-16)  100%        4
 Ignite Poison            Fire/Alch      0%         N/A       100%        4
 Olgreb's Toxic Radiance  Alch           0%         N/A       100%        4
 Summon Lightning Spire   Summ/Air       1%         N/A       100%        4
 Curse of Agony           Necr           0%         N/A       100%        5
 Freezing Cloud           Conj/Ice/Air   0%         6-21      100%        5
 Silence                  Hex/Air        0%         N/A       100%        5


Dungeon Overview and Level Annotations

Branches:
Dungeon (6/15)              Sewer (visited)
 Temple: D:4-7

Altars:
Fedhas
Uskayaw
Xom
Yredelemnul
The Shining One

Shops:
D:4 *


Innate Abilities, Weirdness & Mutations

Your spellcasting is much less encumbered by armour.
You can use scrolls of enchantment on lesser artefacts.


Message History

The white imp is moderately wounded.
The white imp gestures at you. The puff of frost hits you!
You barely miss the white imp.
The white imp is moderately wounded.
The white imp barely misses you.
You hit the white imp.
The white imp is heavily wounded.
You barely miss the white imp.
The white imp is heavily wounded.
The white imp hits you but does no damage.
You hit the white imp.
The white imp is heavily wounded.
The white imp gestures at you. The puff of frost hits you.
You hit the white imp.
You kill the white imp!
You hit the ogre.
The ogre is poisoned.
The ogre is lightly wounded.
You hit the ogre.
The ogre looks even sicker.
The ogre is moderately wounded.
The ogre hits you with a +0 giant club!
You are too injured to fight recklessly!
You are too injured to fight recklessly!
You hit the ogre.
The ogre is moderately wounded.
The ogre hits you with a +0 giant club!
You can now pass through a line of other dancers.
You hit the ogre.
The ogre looks as sick as possible!
The ogre is moderately wounded.
You closely miss the ogre.
The ogre is heavily wounded.
The ogre hits you but does no damage.
You can no longer pass through a line of other dancers.
There is a stone staircase leading up here.
You hit the ogre.
The ogre looks as sick as possible!
The ogre is almost dead.
The ogre hits you with a +0 giant club!!
You die...
Your body falls in perfect tune with the rhythm.

#..#.. .## #..#.#
#.. #..#.# ..
#..#.# .# ###....#
##.###### #...#..#
#........
####.#....#
#..####.#
...#.###..######O.#
................@.#
.....#.#..####.####
.......#..# #.#
.....###..# #.#
...#.# #..# #.#
...#.# #... ...
#.##.# #... ...
#.##.# #.## #..
.#†#.# #..#


You could see an ogre (extremely poisoned).

Vanquished Creatures
  Eustachio (D:4)
  2 steam dragons (D:6)
  A black bear (D:4)
  Pargi (Sewer)
  A phantom (D:5)
  A brain worm (Sewer)
  A scorpion (D:3)
  A bullfrog (D:6)
  A bombardier beetle (D:3)
  3 iguanas
  2 orc wizards (D:5)
  12 adders
  4 gnolls (D:4)
  A shadow imp (D:6)
  A white imp (D:6)
  3 dart slugs
  A ribbon worm (D:2)
  6 orcs
  14 bats
  10 endoplasms
  3 giant cockroaches
  4 goblins
  8 hobgoblins
  3 jackals (D:2)
  5 kobolds
  8 quokkas
  8 ball pythons
  3 frilled lizards (D:2)
  2 rats (D:1)
111 creatures vanquished.

Notes
Turn   | Place    | Note
-------+----------+-------------------------------------------
     0 | D:1      | cojito the Mountain Dwarf Wanderer began the quest for the
                  | Orb.
     0 | D:1      | cojito set off with the following items: a +0 club, a +0
                  | helmet, a potion of heal wounds, a +0 leather armour, a
                  | wand of flame (18); and the following spell memorised:
                  | Summon Small Mammal; and the following spells available to
                  | memorise: Summon Ice Beast.
     0 | D:1      | Reached XP level 1. HP: 14/14 MP: 2/2
    86 | D:1      | Found a faded altar of an unknown god.
   130 | D:1      | Reached skill level 1 in Fighting
   130 | D:1      | Reached XP level 2. HP: 22/23 MP: 3/3
   214 | D:1      | Reached skill level 1 in Armour
   800 | D:2      | Reached XP level 3. HP: 22/29 MP: 4/4
  1416 | D:3      | Reached XP level 4. HP: 37/37 MP: 5/5
  1441 | D:3      | Noticed a scorpion
  1448 | D:3      | Killed a scorpion
  1482 | D:3      | Found a hide-covered altar of Uskayaw.
  1491 | D:3      | Reached XP level 5. HP: 45/45 MP: 6/6
  1508 | D:3      | Became a worshipper of Uskayaw the Reveller
  1658 | D:3      | Reached * piety under Uskayaw
  1661 | D:3      | Found a shimmering altar of Xom.
  1708 | D:3      | Found a glowing drain.
  1729 | D:3      | Reached ** piety under Uskayaw
  1741 | D:3      | Reached *** piety under Uskayaw
  1751 | Sewer    | Entered a sewer
  1761 | Sewer    | Reached skill level 2 in Invocations
  1786 | Sewer    | Reached skill level 1 in Short Blades
  1786 | Sewer    | Reached XP level 6. HP: 49/51 MP: 7/7
  1789 | Sewer    | Noticed Pargi
  1799 | Sewer    | Killed Pargi
  1800 | Sewer    | Reached skill level 3 in Invocations
  1807 | Sewer    | Identified the +2 whip of Ragnarok {freeze, Dex+6}
  2088 | D:3      | Found a basalt altar of Yredelemnul.
  2745 | D:4      | Found Leafofun's General Store.
  2802 | D:4      | Reached XP level 7. HP: 10/58 MP: 5/9
  2980 | D:4      | Noticed Eustachio
  2999 | D:4      | Killed Eustachio
  3000 | D:4      | Reached skill level 4 in Invocations
  3015 | D:4      | You fall into a shaft and drop 2 floors!
  3036 | D:5      | Entered Level 5 of the Dungeon
  3607 | D:5      | Reached skill level 5 in Invocations
  4208 | D:6      | Noticed a steam dragon
  4218 | D:6      | Noticed a steam dragon
  4226 | D:6      | Killed a steam dragon
  4227 | D:6      | Reached XP level 8. HP: 30/67 MP: 4/12
  4523 | D:6      | Found a glowing golden altar of the Shining One.
  4598 | D:6      | Reached skill level 6 in Invocations
  4639 | D:6      | Found a blossoming altar of Fedhas.
  4727 | D:6      | Slain by an ogre

Illustrated notes

Levels and vault maps discovered:
D:1:      tarquinn_simple_flora_water_c, layout_basic,
          chequers_ecumenical_altar_island
D:2:      layout_rooms, fountainhead
D:3:      layout_basic, mainiacjoe_overflow_cross_hatched,
          mainiacjoe_overflow_paths, mainiacjoe_overflow_boulevard,
          gup_sewer_entry_glass
D:4:      layout_cave_pools, serial_shops, shop, serial_glass, glass_columns_a,
          glass_columns_a, uniq_eustachio
D:5:      layout_cave_pods
D:6:      layout_loops_ring, nicolae_tso_swordbearing_angel,
          mainiacjoe_overflow_surrounded_room,
          mainiacjoe_overflow_concentric_impassable

Skill      XL: |  1  2  3  4  5  6  7  8 |
---------------+-------------------------+-----
Fighting       | 1 2 3 4 |  4.7
Armour         | 1 2 3 4 |  4.4
Dodging        | 2 3 |  3.5
Invocations    | 2 3 5 6 |  6.0
Short Blades   | 1 2 3 |  3.5
Spellcasting   | |  1.0
Summonings     | |  1.0
Evocations     | |  5.4

Action                     |  1- 3 |  4- 6 |  7- 9 || total
---------------------------+-------+-------+-------++-------
  Melee: Club              |    23 |       |       ||    23
         Whip              |    95 |       |       ||    95
         Mace              |    25 |       |       ||    25
         Dagger            |    43 |   154 |   134 ||   331
  Throw: Dart              |       |     1 |     3 ||     4
   Cast: Summon Small Mamm |     2 |       |       ||     2
 Invoke: Stomp             |       |     3 |     4 ||     7
   Stab: Paralysed         |       |     1 |       ||     1
 Armour: Scale mail        |   119 |    77 |       ||   196
         Leather armour    |     5 |       |       ||     5
         Plate armour      |       |    85 |   141 ||   226
  Dodge: Dodged            |    86 |    72 |    41 ||   199

Table legend: (Time is in decaauts)
 A = Elapsed time spent in this place.
 B = Non-inter-level travel time spent in this place.
 C = Inter-level travel time spent in this place.
 D = Time resting spent in this place.
 E = Time spent auto-exploring this place.
 F = Levels seen in this place.
 G = Mean time per level.
                   A        B        C        D        E       F      G
               +--------+--------+--------+--------+--------+-----+--------+
         Total |   4731 |   4512 |    219 |    453 |   2749 |   7 |  675.9 |
       Dungeon |   4644 |   4425 |    219 |    453 |   2731 |   6 |  774.0 |
         Sewer |     87 |     87 |      0 |      0 |     18 |   1 |   87.0 |
               +--------+--------+--------+--------+--------+-----+--------+

Top non-repeatable levels by time:
     D:3: 1064 daAuts
     D:5: 1024 daAuts
     D:1: 792 daAuts
     D:4: 726 daAuts
     D:2: 639 daAuts
     D:6: 396 daAuts
   Sewer: 87 daAuts
